 Dungeon Crawl Stone Soup version 0.28-a0-1396-gdcb3f3653b (webtiles) character file.

Game seed: 17976470524750694932

6 Lekart the Skirmisher (level 1, 0/19 HPs)
             Began as a Draconian Cinder Acolyte on Jan 5, 2022.
             Succumbed to an adder's poison
             ... on level 2 of the Dungeon.
             The game lasted 00:02:05 (313 turns).

Lekart the Skirmisher (Draconian Cinder Acolyte)     Turns: 313, Time: 00:02:05

Health: 0/19       AC:  4    Str: 14 (16) XL:     1   Next: 75%
Magic:  2/2        EV: 11    Int: 13 (14) God:
Gold:   12         SH:  0    Dex:  3 (6)  Spells: 2/2 levels left

rFire   . . .      SeeInvis .   a - -1 falchion (flame)
rCold   . . .      Faith    .   (no shield)
rNeg    . . .      Spirit   .   (armour unavailable)
rPois   .          Reflect  .   (helmet restricted)
rElec   .          Harm     .   (no cloak)
rCorr   .          Rampage  .   (no gloves)
Will    .....                   (no boots)
Stlth   +.........              (no amulet)
HPRegen 0.06/turn               (no ring)
MPRegen 0.08/turn               (no ring)

@: lethally poisoned (0 -> -4), slowed, fire susceptible, very slow
A: AC +4, unfitting armour, cold-blooded
a: no special abilities


You were on level 2 of the Dungeon.
You visited 1 branch of the dungeon, and saw 2 of its levels.

You collected 12 gold pieces.

Inventory:

Hand Weapons
 a - a -1 falchion of flaming (weapon)
Potions
 b - 2 potions of degeneration


   Skills:
 + Level 3.3 Fighting
 + Level 3.3 Long Blades
 + Level 1.0 Spellcasting
 + Level 3.1 Fire Magic


You had 2 spell levels left.
You didn't know any spells.
Your spell library contained the following spells:

 Spells                   Type           Power      Damage    Failure   Level
 Scorch                   Fire           16%        2d6       12%         2


Dungeon Overview and Level Annotations

Branches:
Dungeon (1/15)

Altars:

Shops:
D:1 =


Innate Abilities, Weirdness & Mutations

Your plain brown scales are hard. (AC +4)
You cannot fit into any form of body armour.
You are cold-blooded and may be slowed by cold attacks.


Message History

Found three items.
Found a stone staircase leading down and a stone staircase leading up.
There are monsters nearby!
There are monsters nearby!
The goblin moves out of view.
The adder bites you but does no damage. The adder bites you.
You are poisoned.
The adder poisons you!
You barely miss the adder.
Your tail-slap misses the adder.
You feel sick. The adder bites you but does no damage.
The adder completely misses you.
You closely miss the adder.
Your tail-slap misses the adder.
You feel sick.
You are no longer poisoned.
The giant cockroach misses you. The adder barely misses you.
The goblin hits you with a +0 club.
The giant cockroach completely misses you.
The adder completely misses you. The goblin barely misses you.
You are too injured to fight recklessly!
You are too injured to fight recklessly!
You are too injured to fight recklessly!
It was a potion of degeneration.
There was something very wrong with that liquid.
You feel weakened.
You feel dopey.
You feel clumsy. The giant cockroach closely misses you.
The adder closely misses you. The giant cockroach barely misses you.
The goblin hits you with a +0 club.
* * * LOW HITPOINT WARNING * * *
The adder barely misses you.
The giant cockroach bites you but does no damage. x2
The adder bites you but does no damage.
The giant cockroach waves its antennae.
The giant cockroach barely misses you. The adder barely misses you.
The adder bites you.
* * * LOW HITPOINT WARNING * * *
The giant cockroach bites you but does no damage.
The adder barely misses you.
You barely miss the adder. The adder bites you.
* * * LOW HITPOINT WARNING * * *
You are lethally poisoned!
The adder poisons you! The adder closely misses you.
You miss the adder.
You die...

###........
#.....#..#.
#.#?.......
#.....#..##
#...$<.....
###...#....
#Bg>......
#S####....
#@# ### #.#
#.# #?# #.#
#.. ###


You could see an adder, a giant cockroach and a goblin.

Vanquished Creatures
  An endoplasm (D:1)
  2 giant cockroaches (D:1)
  A hobgoblin (D:1)
  A frilled lizard (D:1)
5 creatures vanquished.

Notes
Turn   | Place    | Note
-------+----------+-------------------------------------------
     0 | D:1      | Lekart the Draconian Cinder Acolyte began the quest for the
                  | Orb.
     0 | D:1      | Reached XP level 1. HP: 19/19 MP: 2/2
     5 | D:1      | Fell from the grace of Ignis
   249 | D:1      | Found Fumoirik's Jewellery Shoppe.
   302 | D:1      | You fall into a shaft and drop 1 floor!
   313 | D:2      | Succumbed to an adder's poison

Illustrated notes

Levels and vault maps discovered:
D:1:      lemuel_arrival_behind_the_door_small, layout_basic, serial_shops,
          nicolae_diamond_shop, serial_curves, eino_curves_02, eino_curves_04,
          eino_curves_02, eino_curves_04
D:2:      layout_basic

Action                   || total
-------------------------++-------
Melee: Falchion          ||    23
Invok: Renounce Religion ||     1
  Use: Potion            ||     1
Armor: Skin              ||    10
Dodge: Dodged            ||    24

Table legend: (Time is in decaauts)
 A = Elapsed time spent in this place.
 B = Non-inter-level travel time spent in this place.
 C = Inter-level travel time spent in this place.
 D = Time resting spent in this place.
 E = Time spent auto-exploring this place.
 F = Levels seen in this place.
 G = Mean time per level.
                   A        B        C        D        E       F      G
               +--------+--------+--------+--------+--------+-----+--------+
         Total |    320 |    320 |      0 |    178 |     70 |   2 |  160.0 |
       Dungeon |    320 |    320 |      0 |    178 |     70 |   2 |  160.0 |
               +--------+--------+--------+--------+--------+-----+--------+

Top non-repeatable levels by time:
     D:1: 304 daAuts
     D:2: 16 daAuts
